 Dungeon Crawl Stone Soup version 0.32-a0-593-g85ff8e36a1 (webtiles) character file.

Game seed: 15559420300838401805

948 growler the Slasher (level 8, -8/64 HPs)
             Began as a Coglin Cinder Acolyte on Mar 2, 2024.
             Was an Initiate of Wu Jian.
             Mangled by a fire elemental (14 damage)
             ... created by the fiery vengeance of Ignis
             ... on level 5 of the Dungeon.
             The game lasted 00:12:01 (4262 turns).

growler the Slasher (Coglin Cinder Acolyte)         Turns: 4262, Time: 00:12:01

Health: -8/64      AC:  3    Str: 18    XL:     8   Next: 13%
Magic:  9/9        EV: 11    Int: 13    God:    Wu Jian [......]
Gold:   245        SH:  0    Dex:  9    Spells: 9/9 levels left

rFire   . . .        q - +3 falchion (flame) {Jingyi}
rCold   + + .        e - +1 dagger (distort) {Sanghe}
rNeg    . . .        b - +0 robe
rPois   .            l - +0 helmet of the Moon Troll {rC++ SInv}
rElec   .            (no cloak)
rCorr   .            (no gloves)
SInv    +            (no boots)
Will    .....        (amulet unavailable)
Stlth   +            (ring unavailable)
HPRegen 0.30/turn    (ring unavailable)
MPRegen 0.11/turn    (no gizmo)

%: no passive effects
@: about to teleport, fire susceptible, revving
A: off-hand wielding, slow wielding, warmup strikes, no jewellery
a: Invent Gizmo, Renounce Religion


You were on level 5 of the Dungeon.
You worshipped Wu Jian.
Wu Jian was noncommittal.
You visited 2 branches of the dungeon, and saw 6 of its levels.

You collected 245 gold pieces.

Inventory:

Hand Weapons
 a - a -1 falchion of flaming {Beli-Ashared}
 c - a +0 dagger {Anan}
 e - a +1 dagger of distortion (offhand) {Sanghe}
 q - a +3 falchion of flaming (weapon) {Jingyi}
Missiles
 g - 3 throwing nets
Armour
 b - a +0 robe (worn)
 l - the +0 helmet of the Moon Troll (worn) {rC++ SInv}
   (You found it on level 4 of the Dungeon)

   rC++:      It greatly protects you from cold.
   SInv:      It lets you see invisible.
Wands
 p - a wand of mindburst (10)
Scrolls
 d - a scroll of blinking
 j - a scroll of identify
 r - a scroll of butterflies {unknown}
Potions
 f - a potion of curing
 i - a potion of resistance
 k - a potion of enlightenment


   Skills:
 + Level 5.8 Fighting
 * Level 7.6 Long Blades
 - Level 1.0 Spellcasting
 - Level 2.6 Fire Magic
 + Level 3.5 Evocations


You had 9 spell levels left.
You didn't know any spells.
Your spell library contained the following spells:

 Spells                   Type           Power      Damage    Failure   Level
 Scorch                   Fire           14%        2d5       14%         2
 Freeze                   Ice            0%         1d3       28%         1
 Kiss of Death            Conj/Necr      0%         2d5       28%         1
 Magic Dart               Conj           0%         1d3       28%         1
 Ensorcelled Hibernation  Hex/Ice        0%         N/A       38%         2
 Searing Ray              Conj           0%         2d4       38%         2
 Confusing Touch          Hex            0%         N/A       63%         3
 Frozen Ramparts          Ice            0%         1d1       63%         3
 Fugue of the Fallen      Necr           0%         N/A       63%         3
 Hailstorm                Conj/Ice       0%         3d5       63%         3
 Anguish                  Hex/Necr       0%         N/A       95%         4
 Dispel Undead            Necr           0%         3d6       95%         4
 Fulminant Prism          Conj/Alch      0%         3d5       95%         4


Dungeon Overview and Level Annotations

Branches:
Dungeon (5/15)             Temple (1/1) D:5

Altars:
Ashenzari
Dithmenos
Elyvilon
Fedhas
Gozag
Hepliaklqana
Makhleb
Nemelex Xobeh
Okawaru
Qazlal
Ru
Sif Muna
Trog
Uskayaw
Wu Jian
Xom
Yredelemnul
Zin
The Shining One

Annotations:
D:2 1 runed translucent door, Crazy Yiuf
D:3 2 transporters


Innate Abilities, Weirdness & Mutations

You can wield a second weapon in your off-hand.
It takes a long time for you to wield or remove held weapons.
Your first few attacks do less damage.
You cannot equip rings or amulets.


Message History

The gnoll hits you with a +0 club.
You hit the gnoll with your +1 dagger of distortion.
The gnoll is heavily wounded.
You hit the gnoll but do no damage.
The gnoll blinks! "My hands, my teeth, my burning tears: these will never betray me!" 2 fire elementals come into view.
The air fills with toxic fumes!
As you read the scroll labelled OLUEHU IMMENU, it crumbles to dust.
It was a scroll of poison.
The adder closely misses you.
The gnoll sergeant hits you from afar with a +0 trident!
You hit the adder with your +1 dagger of distortion.
The adder is moderately wounded.
You slash the adder with your +2 falchion of flaming!
You burn the adder.
You kill the adder!
The Council accepts your kill.
The gnoll sergeant hits you from afar with a +0 trident.
You lunge at the gnoll sergeant.
The gnoll sergeant blocks your attack.
You hit the gnoll sergeant but do no damage.
The gnoll sergeant closely misses you.
Items here: ))) †.
Unknown command.
Okay, then.
As you read the scroll labelled JOPEED PIBEURO, it crumbles to dust.
It is a scroll of enchant weapon.
Your +2 falchion of flaming {Jingyi} glows red for a moment.
The fire elemental hits you. The fire elemental burns you!
The gnoll sergeant closely misses you.
As you read the scroll labelled SAYQULAURR, it crumbles to dust.
You feel strangely unstable.
It was a scroll of teleportation.
The fire elemental hits you. The fire elemental burns you!
The gnoll sergeant barely misses you. The fire elemental misses you.
The gnoll hits you from afar with a +0 halberd!
* * * LOW HITPOINT WARNING * * *
Unknown command.
As you read the scroll of fear, it crumbles to dust.
You assume a fearsome visage.
The fire elemental is unaffected. x2
The gnoll looks frightened!
The gnoll sergeant looks frightened!
The fire elemental hits you. The fire elemental burns you!
You die...

... #.g.....# #.....
>... #.†.....# #.....
.... #.......# #.....
..... #.......# #.....
#..##.g.....# #.....
##..S....##########.....
#§§§....................
##§§.g####### #.......#.
#§§§§§g@EE○# #.......#.
##§§§§####.####.........
#§...# #...##.......##
#....# ###..#.......#
###### ##.##.######
#.##.# ## #....######.
###......... ####.####)


You could see 2 fire elementals, a gnoll sergeant (fleeing) and a gnoll
(fleeing).

Vanquished Creatures
  Grinder (D:4)
  An ogre (D:4)
  A centaur (D:5)
  A scorpion (D:4)
  3 bombardier beetles
  2 sleepcaps
  A gnoll bouda (D:4)
  3 iguanas
  An orc wizard (D:4)
  Terence (D:2)
  7 adders
  8 gnolls
  2 dart slugs (D:4)
  8 orcs
  6 bats
  5 endoplasms
  3 giant cockroaches
  9 goblins
  5 hobgoblins
  6 jackals
  A quokka (D:1)
  6 ball pythons
  A frilled lizard (D:3)
  4 kobolds
  4 rats
90 creatures vanquished.

Notes
Turn   | Place    | Note
-------+----------+-------------------------------------------
     0 | D:1      | growler the Coglin Cinder Acolyte began the quest for the
                  | Orb.
     0 | D:1      | Reached XP level 1. HP: 18/18 MP: 2/2
   261 | D:1      | Reached XP level 2. HP: 19/24 MP: 3/3
   734 | D:1      | Reached XP level 3. HP: 29/29 MP: 4/4
   840 | D:1      | Found a faded altar of an unknown god.
   881 | D:2      | Noticed Terence
   889 | D:2      | Killed Terence
   890 | D:2      | Reached skill level 4 in Long Blades
  1073 | D:2      | Reached XP level 4. HP: 26/37 MP: 5/5
  1589 | D:2      | Found a runed translucent door.
  1590 | D:2      | Noticed Crazy Yiuf
  1746 | D:3      | Found a transporter.
  1757 | D:3      | Found a transporter.
  1836 | D:3      | Found a broken altar of Ashenzari.
  1844 | D:3      | Reached XP level 5. HP: 35/42 MP: 6/6
  2346 | D:3      | Reached skill level 5 in Long Blades
  2579 | D:4      | Found a glowing golden altar of the Shining One.
  2606 | D:4      | Identified the +0 helmet of the Moon Troll {rC++ SInv}
  2742 | D:4      | Reached XP level 6. HP: 25/49 MP: 7/7
  3014 | D:4      | Reached skill level 6 in Long Blades
  3154 | D:4      | Noticed Grinder
  3204 | D:4      | Killed Grinder
  3205 | D:4      | Reached skill level 5 in Fighting
  3205 | D:4      | Reached XP level 7. HP: 21/56 MP: 8/8
  3209 | D:4      | Reached skill level 7 in Long Blades
  3748 | D:5      | Entered Level 5 of the Dungeon
  3847 | D:5      | Found a staircase to the Ecumenical Temple.
  3875 | Temple   | Entered the Ecumenical Temple
  3913 | Temple   | Fell from the grace of Ignis
  3913 | Temple   | Became a worshipper of the Wu Jian Council
  4086 | D:5      | Reached XP level 8. HP: 36/64 MP: 9/9
  4262 | D:5      | Mangled by a fire elemental

Illustrated notes

Levels and vault maps discovered:
D:1:      grunt_arrival_crossed_arrows, layout_loops_ring,
          shapermc_ecumenical_altar_petra
D:2:      layout_loops_ring, uniq_terence, uniq_crazy_yiuf_cottage
D:3:      gammafunk_wand_slinger, layout_basic, evilmike_ruin_ashenzari
D:4:      layout_loops_ring, tso_metal_star, kennysheep_big_empty_room,
          uniq_grinder
D:5:      layout_basic, mainiacjoe_overflow_alcove_1,
          minmay_temple_entry_arrows, serial_shops, nicolae_shop_drivethru,
          uniq_edmund, uniq_eustachio
Temple:   minmay_crystal_spiral_temple

Skill      XL: |  1  2  3  4  5  6  7 |
---------------+----------------------+-----
Long Blades    | 4 5 6 7 |  7.6
Fighting       | 4 5 |  5.8
Evocations     | 2 3 |  3.5
Spellcasting   | |  1.0
Fire Magic     | |  2.6

Action                     |  1- 3 |  4- 6 |  7- 9 || total
---------------------------+-------+-------+-------++-------
  Melee: Falchion          |    77 |   101 |    39 ||   217
         Dagger            |    69 |   110 |    41 ||   220
Ability: Lunge             |       |       |     4 ||     4
  Evoke: Wand              |       |     7 |     1 ||     8
    Use: Scroll            |       |     6 |     5 ||    11
         Potion            |       |     2 |     2 ||     4
   Stab: Sleeping          |       |     1 |     1 ||     2
 Armour: Robe              |    35 |    60 |    29 ||   124
  Dodge: Dodged            |    36 |    66 |    24 ||   126

Table legend: (Time is in decaauts)
 A = Elapsed time spent in this place.
 B = Non-inter-level travel time spent in this place.
 C = Inter-level travel time spent in this place.
 D = Time resting spent in this place.
 E = Time spent auto-exploring this place.
 F = Levels seen in this place.
 G = Mean time per level.
                   A        B        C        D        E       F      G
               +--------+--------+--------+--------+--------+-----+--------+
         Total |   4251 |   4079 |    172 |    120 |   3202 |   6 |  708.5 |
       Dungeon |   4175 |   4065 |    110 |    120 |   3202 |   5 |  835.0 |
        Temple |     75 |     13 |     62 |      0 |      0 |   1 |   75.0 |
               +--------+--------+--------+--------+--------+-----+--------+

Top non-repeatable levels by time:
     D:4: 1204 daAuts
     D:3: 874 daAuts
     D:1: 863 daAuts
     D:2: 798 daAuts
     D:5: 434 daAuts
  Temple: 75 daAuts
